AoeStats
← THL

Arabia

510057787Analyzed
1v1 RM · 3d ago on Sep 29, 2026· 16m 56s· 2 players
Game mode
Random Map
Map size
Tiny (2 player)
Population
200
Speed
Normal
Resources
Standard
Victory
Conquest
Starting age
Dark Age
Ending age
Imperial Age
RankedLock teamsTeams togetherTeam positionsShared explorationLock speedFull tech treeHidden civsTurbo modeCheats
Victory
Defeat
🇻🇳 Vikings · Vietnam
1780
+17
🇨🇳 Georgians · China
1807
-17
THL
6:59 Loom
9:39 Feudal Age
9:45 Man-at-Arms
14:55 Forging
14:33 Double-Bit Axe
15:25 Fletching
她说我闷骚
5:34 Loom
9:47 Feudal Age
10:17 Double-Bit Axe
Connection lost

Rejoining the realm…

Still unreachable

The connection could not be restored.

Session expired

The server has moved on; the page needs a fresh start.